 Dungeon Crawl Stone Soup version 0.30.0-5-g1a98f26d00 (webtiles) character file.

Game seed: 6683038301706673844

18 Brecoman the Conjurer (level 2, -3/23 HPs)
             Began as a Draconian Conjurer on May 12, 2023.
             Succumbed to a goblin's poison
             ... on level 1 of the Dungeon.
             The game lasted 00:03:12 (393 turns).

Brecoman the Conjurer (Draconian Conjurer)           Turns: 393, Time: 00:03:13

Health: -3/23      AC:  4    Str:  9    XL:     2   Next: 51%
Magic:  4/5        EV: 12    Int: 18    God:
Gold:   24         SH:  0    Dex:  9    Spells: 4/5 levels left

rFire   . . .        c - +0 dagger
rCold   . . .        (no shield)
rNeg    . . .        (body armour unavailable)
rPois   .            (helmet restricted)
rElec   .            (no cloak)
rCorr   .            (no gloves)
SInv    .            (no boots)
Will    .....        (no amulet)
Stlth   ++           (no ring)
HPRegen 0.23/turn    (no ring)
MPRegen 0.09/turn

%: no passive effects
@: lethally poisoned (-3 -> -20)
A: AC +4, unfitting armour, cold-blooded
a: no special abilities


You were on level 1 of the Dungeon.
You visited 1 branch of the dungeon, and saw 1 of its levels.

You collected 24 gold pieces.

Inventory:

Hand Weapons
 c - a +0 dagger (weapon)
Scrolls
 b - a scroll of teleportation {unknown}
 d - a scroll of enchant weapon {unknown}
 e - a scroll of amnesia {unknown}
Potions
 a - a potion of magic


   Skills:
 + Level 1.0 Fighting
 + Level 2.1 Dodging
 - Level 1.7 Stealth
 + Level 2.2 Spellcasting
 + Level 4.2 Conjurations


You had 4 spell levels left.
You knew the following spells:

 Your Spells              Type           Power      Damage    Failure   Level
a - Magic Dart            Conj           68%        1d6       3%          1

Your spell library contained the following spells:

 Spells                   Type           Power      Damage    Failure   Level
 Searing Ray              Conj           34%        2d5       4%          2
 Dazzling Flash           Conj/Hex       18%        N/A       22%         3
 Fulminant Prism          Conj/Hex       4%         3d5       58%         4
 Iskenderun's Mystic Bla  Conj/Tloc      9%         2d4       58%         4


Dungeon Overview and Level Annotations

Branches:
Dungeon (1/15)

Altars:


Innate Abilities, Weirdness & Mutations

Your plain brown scales are hard. (AC +4)
You cannot fit into any form of body armour.
You are cold-blooded and may be slowed by cold attacks.


Message History

The goblin hits you but does no damage.
You are poisoned.
The hobgoblin closely misses you.
You hit the hobgoblin.
You kill the hobgoblin!
You feel very sick. The goblin closely misses you.
Your Fighting skill increases to level 1!
You barely miss the goblin.
You feel sick. The goblin closely misses you.
You hit the goblin but do no damage.
You feel sick. The goblin misses you.
You closely miss the goblin.
You feel sick.
The goblin hits you with a +2 dagger of venom.
Casting: Magic Dart (safe; 3% risk of failure)
Confirm with . or Enter, or press ? or * to list all spells.
Aiming: Magic Dart (safe; 3% risk of failure)
Press: ? - help, Shift-Dir - straight line, f - goblin
Aim: a goblin, wielding a +2 dagger of venom and wearing a +0 scale mail (100% to hit)
The magic dart hits the goblin.
The goblin is heavily wounded.
You feel sick.
The goblin hits you with a +2 dagger of venom.
You are lethally poisoned!
You barely miss the goblin.
The goblin is heavily wounded.
You feel very sick. The goblin hits you but does no damage.
You are more poisoned.
Okay, then.
Magic courses through your body.
* * * LOW HITPOINT WARNING * * *
You feel very sick. The goblin hits you but does no damage.
Casting: Magic Dart (safe; 3% risk of failure)
Confirm with . or Enter, or press ? or * to list all spells.
Aiming: Magic Dart (safe; 3% risk of failure)
Press: ? - help, Shift-Dir - straight line, f/p - goblin
Aim: a goblin, wielding a +2 dagger of venom and wearing a +0 scale mail (heavily wounded, 100% to hit)
The magic dart hits the goblin.
You kill the goblin!
You die...

#.#..†.###.#.##...
#.#........#.##.#.
#.#....##.........
#.##.......##...##
#..###....##.....
####...##..........#
#..'....##........##
#.##..♣..#.........
#.##@...##.........
#..#.).##..........
#..#..##...........
#..#.##.÷÷.....)...
#.................
########g#........
#...>.........
#.............
#.[.g.....>..


There were no monsters in sight!

Vanquished Creatures
  An endoplasm (D:1)
  2 goblins (D:1)
  2 hobgoblins (D:1)
  4 jackals (D:1)
  A kobold (D:1)
  A quokka (D:1)
  A ball python (D:1)
  3 bats (D:1)
  A frilled lizard (D:1)
16 creatures vanquished.

Notes
Turn   | Place    | Note
-------+----------+-------------------------------------------
     0 | D:1      | Brecoman the Draconian Conjurer began the quest for the
                  | Orb.
     0 | D:1      | Reached XP level 1. HP: 14/14 MP: 3/3
   178 | D:1      | Found a faded altar of an unknown god.
   199 | D:1      | Reached XP level 2. HP: 22/22 MP: 0/5
   387 | D:1      | Reached skill level 1 in Fighting
   392 | D:1      | HP: 1/23 [poisoned by a goblin]
   393 | D:1      | Succumbed to a goblin's poison

Illustrated notes

Levels and vault maps discovered:
D:1:      amcnicky_arrival_feature_with_door, layout_rooms,
          hellmonk_ecumenical_altar_lost_god

Skill      XL: |  1  2 |
---------------+-------+-----
Dodging        | 2 |  2.1
Fighting       | 1 |  1.0
Stealth        | |  1.7
Spellcasting   | |  2.2
Conjurations   | |  4.2

Action                     || total
---------------------------++-------
  Melee: Unarmed           ||    19
         Tailslap          ||     5
         Dagger            ||    17
   Cast: Magic Dart        ||    29
    Use: Potion            ||     1
 Armour: Skin              ||    19
  Dodge: Dodged            ||    37
